Map: White Rabbit LE

Players

Solar - Winner!

  • Race: Zerg Zerg

Cure

  • Race: Terran Terran

VOD

Have the link to the VOD?

Description

Time

  • Played on: Jan. 17, 2026, 12:18 a.m.
  • Length: 13:31
Show
View Real Time Build Order
Export as new Build Order

Solar Zerg - Winner!

Build Orders: Hatch First 

Get SALT Encoding   

  12  0:00  Drone  
  13  0:07  Drone  
  14  0:14  Extractor, Drone  
  15  0:21  Overlord  
  15  0:40  Drone  
  16  0:44  Hatchery  
  16  0:49  Drone  
  16  0:52  Drone  
  16  0:55  Drone  
  18  1:06  Extractor  
  17  1:11  Spawning Pool  
  17  1:14  Drone  
  17  1:17  Drone  
  18  1:26  Drone  
  19  1:37  Drone  
  20  1:47  Drone  
  21  1:57  Queen  
  21  1:58  Queen, Zergling x4  
  27  2:03  Spore Crawler  
  26  2:10  Zergling x2, Spore Crawler  
  27  2:17  Metabolic Boost  
  27  2:18  Overlord  
  27  2:20  Zergling x4  
  28  2:29  Zergling x2  
  27  2:31  Zergling x2  
  28  2:38  Queen  
  29  2:47  Zergling x4  
  31  2:53  Zergling x2  
  31  2:57  Overlord  
  32  3:02  Drone  
  32  3:05  Drone x3  
  35  3:13  Overlord  
  35  3:18  Drone x2  
  37  3:26  Zergling x4  
  41  3:34  Queen  
  41  3:36  Drone x2  
  43  3:46  Drone x2  
  45  3:57  Overlord  
  45  3:58  Hatchery  
  45  4:00  Drone  
  45  4:02  Drone  
  46  4:03  Drone  
  46  4:06  Drone  
  48  4:10  Drone  
  48  4:15  Queen  
  51  4:18  Drone x2  
  53  4:24  Roach Warren  
  53  4:28  Drone  
  53  4:30  Drone  
  54  4:35  Extractor  
  53  4:39  Overlord  
  53  4:41  Drone x4  
  53  4:43  Drone x2  
  59  4:46  Overlord  
  59  4:54  Overlord  
  59  5:03  Drone  
  59  5:05  Roach x2  
  64  5:11  Spore Crawler  
  64  5:13  Roach x3  
  69  5:16  Queen  
  69  5:19  Drone  
  72  5:22  Roach x2  
  72  5:23  Drone x2  
  72  5:25  Overlord  
  78  5:30  Drone x2  
  78  5:34  Overlord  
  79  5:38  Lair  
  79  5:40  Overlord  
  79  5:45  Drone x2  
  79  5:49  Drone  
  81  5:51  Drone  
  81  5:56  Drone x3  
  85  5:57  Spore Crawler  
  85  5:58  Drone  
  85  5:59  Drone x2  
  85  6:02  Extractor  
  85  6:03  Spore Crawler  
  84  6:05  Extractor, Drone x2  
  84  6:11  Roach x3  
  89  6:20  Drone x5  
  89  6:25  Drone x2  
  94  6:27  Drone x2  
  94  6:32  Overlord  
  96  6:36  Overlord  
  96  6:41  Roach  
  96  6:43  Spire  
  96  6:44  Extractor  
  85  6:47  Drone  
  85  6:48  Drone x7  
  85  6:52  Drone  
  93  6:56  Infestation Pit  
  93  6:57  Glial Reconstitution  
  93  6:58  Extractor, Drone x5  
  93  7:07  Drone x2  
  95  7:12  Drone  
  96  7:17  Drone x3  
  96  7:19  Evolution Chamber  
  96  7:20  Evolution Chamber, Queen  
  96  7:21  Hatchery  
  96  7:22  Drone  
  99  7:23  Drone  
  99  7:26  Drone  
  99  7:29  Overlord  
  99  7:30  Drone x3  
  99  7:33  Overseer  
  100  7:38  Hive  
  100  7:42  Infestor  
  100  7:44  Baneling Nest  
  101  7:45  Infestor x2  
  101  7:49  Zergling x6  
  108  7:52  Zerg Melee Weapons Level 1  
  108  7:56  Drone x3  
  111  7:59  Zerg Ground Armor Level 1  
  111  8:00  Overlord  
  111  8:02  Drone  
  112  8:06  Drone x3  
  112  8:07  Drone  
  112  8:09  Drone x2  
  112  8:10  Extractor  
  117  8:13  Overlord  
  117  8:14  Drone x2  
  117  8:17  Spore Crawler  
  117  8:19  Overlord  
  118  8:22  Roach x2  
  122  8:27  Overlord  
  122  8:29  Centrifugal Hooks  
  122  8:33  Zergling x6  
  122  8:34  Zergling x6  
  128  8:35  Ravager x3  
  128  8:40  Zergling x10  
  136  8:46  Roach x2  
  136  8:48  Overlord  
  140  8:51  Roach  
  140  8:53  Ultralisk Cavern  
  140  8:56  Baneling  
  140  8:57  Baneling x5  
  140  8:58  Zergling x12  
  140  9:02  Zergling x8  
  149  9:11  Overlord x2  
  149  9:21  Overseer  
  149  9:31  Drone x2  
  150  9:32  Drone, Hatchery  
  150  9:33  Extractor  
  149  9:39  Chitinous Plating  
  149  9:40  Ultralisk x4  
  149  9:44  Zergling x6  
  149  9:45  Overlord x2  
  176  9:52  Baneling x8  
  175  10:02  Overlord  
  175  10:05  Drone x2  
  175  10:06  Ultralisk, Zergling x16  
  187  10:18  Zerg Ground Armor Level 2, Zerg Melee Weapons Level 2  
  187  10:21  Zergling x2  
  187  10:22  Zergling x16  
  195  10:28  Adrenal Glands  
  195  10:34  Drone x4  
  199  10:39  Hydralisk Den  
  199  10:41  Drone  
  199  10:46  Baneling x4  
  199  10:50  Overlord  
  199  10:51  Hatchery  
  199  10:53  Overlord  
  198  10:58  Anabolic Synthesis  
  198  11:02  Spore Crawler  
  191  11:06  Zergling x26  
  191  11:08  Zergling x18  
  189  11:14  Ultralisk  
  189  11:15  Zergling x2  
  185  11:22  Zergling x2  
  185  11:23  Zergling x18  
  183  11:27  Grooved Spines  
  174  11:33  Hydralisk x4  
  174  11:37  Hydralisk x2  
  174  11:39  Overseer  
  175  11:40  Pneumatized Carapace  
  175  11:42  Zergling x4  
  175  11:43  Zergling x2  
  175  11:46  Zergling x8  
  177  11:50  Zergling x4  
  166  11:55  Hydralisk x3  
  166  11:59  Zergling x14  
  167  12:03  Infestor x3  
  170  12:11  Zergling x14  
  170  12:13  Zergling x2  
  170  12:15  Drone x3  
  181  12:17  Muscular Augments  
  181  12:22  Hydralisk x4  
  181  12:32  Zergling x16  
  187  12:41  Zergling x18  
  185  12:46  Zergling x4  
  185  12:49  Drone  
  183  12:51  Baneling x5  
  183  12:52  Baneling x19, Lurker Den  
  183  12:54  Zergling x2  
  183  12:55  Zergling x4  
  183  12:58  Hydralisk x2  
  179  13:00  Zergling x4  
Show
View Real Time Build Order
Export as new Build Order

Cure Terran 

Build Orders:  

Get SALT Encoding   

  12  0:00  SCV  
  13  0:13  Supply Depot  
  13  0:18  SCV  
  14  0:34  Barracks  
  14  0:39  Refinery  
  14  0:53  Barracks  
  14  0:57  SCV  
  15  1:09  SCV  
  16  1:21  Reaper  
  16  1:22  Orbital Command  
  17  1:31  Refinery  
  17  1:40  Reaper  
  18  1:48  SCV  
  19  1:55  Supply Depot  
  19  1:57  Reaper  
  19  2:00  SCV  
  21  2:12  Reaper  
  22  2:25  SCV  
  22  2:29  Reaper  
  24  2:37  SCV  
  24  2:43  Factory  
  25  2:44  Reaper  
  25  2:48  Supply Depot  
  25  2:50  SCV  
  27  3:02  SCV  
  29  3:14  SCV  
  30  3:26  SCV, Command Center  
  31  3:27  Factory Reactor  
  31  3:34  Starport  
  30  3:38  SCV  
  31  3:46  Supply Depot  
  31  3:50  SCV  
  32  4:02  SCV  
  33  4:03  Hellion x2  
  37  4:10  Viking  
  37  4:11  Fusion Core  
  37  4:14  SCV  
  40  4:24  Hellion x2  
  40  4:26  SCV  
  45  4:38  Orbital Command, SCV  
  45  4:40  Starport Tech Lab  
  50  4:55  SCV  
  50  4:57  Orbital Command  
  51  5:01  Battlecruiser  
  55  5:07  Hellion  
  55  5:09  Hellion  
  55  5:11  SCV  
  58  5:23  Supply Depot, SCV  
  58  5:24  Armory  
  61  5:28  Hellion  
  61  5:30  SCV  
  62  5:40  Barracks Tech Lab  
  62  5:45  SCV x2  
  62  5:46  Supply Depot  
  66  6:02  Command Center  
  64  6:06  Supply Depot, SCV x2  
  66  6:11  Marine  
  66  6:13  Supply Depot  
  66  6:14  Supply Depot  
  66  6:17  Stimpack  
  67  6:22  SCV x2  
  70  6:33  Engineering Bay  
  70  6:35  Engineering Bay  
  65  6:41  Hellion x3, SCV x2  
  51  6:52  Marine  
  51  6:53  SCV x2  
  52  6:56  Factory Reactor  
  52  7:05  SCV x2  
  52  7:07  Barracks  
  52  7:09  Barracks  
  52  7:10  Marine  
  52  7:15  Terran Infantry Weapons Level 1, Terran Infantry Armor Level 1  
  53  7:21  SCV x2  
  55  7:33  Command Center, SCV x2  
  57  7:42  Starport Reactor  
  57  7:45  SCV  
  57  7:46  SCV  
  57  7:47  Barracks  
  57  7:49  Barracks  
  59  7:52  Marine  
  59  7:57  Terran Vehicle Weapons Level 1  
  59  7:58  SCV x2, Combat Shield  
  62  8:04  Marine x4  
  66  8:07  Siege Tank  
  66  8:09  Marine  
  66  8:10  SCV x2  
  72  8:16  Refinery  
  72  8:17  Refinery  
  72  8:20  Medivac x2  
  72  8:22  SCV x2  
  72  8:26  Marine x3  
  72  8:27  Marine  
  81  8:28  Marine  
  81  8:30  Drilling Claws  
  84  8:34  SCV x2  
  84  8:38  Barracks Reactor  
  84  8:39  Barracks Reactor  
  85  8:46  SCV x2  
  87  8:52  Barracks  
  87  8:53  Barracks, Siege Tank  
  90  8:57  Marine x3, Barracks  
  90  8:58  Marine  
  90  9:00  Marine  
  90  9:01  SCV x2  
  97  9:15  Medivac x2  
  101  9:18  SCV x2  
  101  9:19  Orbital Command  
  101  9:21  Marine x4  
  107  9:26  Marine x2  
  109  9:36  Supply Depot  
  109  9:38  Supply Depot  
  109  9:46  Supply Depot  
  109  9:48  Supply Depot x2  
  109  9:52  Bunker  
  109  9:54  Barracks Tech Lab  
  109  9:55  Barracks Tech Lab  
  109  9:56  Barracks Tech Lab  
  109  9:57  Marine x2  
  109  9:58  SCV x3  
  114  10:10  Widow Mine x2, SCV x3, Marine x4, Marauder  
  114  10:11  Marauder  
  117  10:18  Marauder x3  
  123  10:22  Marine x2, SCV  
  123  10:28  Marine x2  
  128  10:32  Marauder  
  128  10:34  Marine x3  
  133  10:42  Marine x2  
  133  10:43  Marauder x2  
  133  10:44  Concussive Shells  
  139  10:55  Supply Depot  
  139  10:57  Supply Depot  
  139  11:00  Marine x4  
  139  11:01  Marauder x3  
  149  11:05  Marauder  
  135  11:12  Marine x2  
  135  11:13  Marauder  
  135  11:14  Medivac  
  135  11:18  Marine x4  
  112  11:22  Marauder  
  112  11:24  Marine  
  112  11:25  Marauder  
  110  11:26  Marine  
  110  11:30  Marine x2  
  106  11:34  Marauder  
  106  11:36  Marine x3  
  106  11:38  Marine  
  107  11:43  Marauder x2  
  107  11:44  Marauder  
  107  11:46  Marine  
  106  11:48  Marine x2  
  106  11:54  Marine x3  
  95  11:56  Marauder, Marine  
  91  12:01  SCV  
  91  12:03  SCV, Marine x2  
  91  12:04  SCV  
  96  12:09  Medivac  
  96  12:10  Marine  
  99  12:15  SCV  
  99  12:16  SCV  
  100  12:25  Marine x2, Marauder x2  
  100  12:28  Medivac  
  82  12:41  Marine x4  
  82  12:42  Marauder x2  
  85  12:52  Widow Mine  
  85  12:53  Widow Mine, Medivac  
  85  12:54  Marine, Marauder  
  85  12:57  Marine  
Tags
 
Add a new tag
Caveats
  • Supply blocks, unpowered buildings, or Contaminate may cause inaccurate times.
  • Supply counts are checked every 10 seconds.